 Dungeon Crawl Stone Soup version 0.31-a0-233-g139696dc86 (webtiles) character file.

Game seed: 8172532726045903090

303 qw the Shooter (level 6, 0/40 (51) HPs)
             Began as a Minotaur Hexslinger on July 8, 2023.
             Slain by a goblin
             ... wielding a +0 dagger
             ... led by Robin
              (3 damage)
             ... on level 4 of the Dungeon.
             The game lasted 00:01:02 (2896 turns).

qw the Shooter (Minotaur Hexslinger)                Turns: 2896, Time: 00:01:02

HP:   0/40 (51)     AC:  5    Str: 13    XL:     6   Next: 15%
MP:   6/6           EV: 11    Int: 10    God:
Gold: 178           SH:  0    Dex: 14    Spells: 6/7 levels left

rFire   . . .        Y - +1 sling
rCold   . . .        (no shield)
rNeg    . . .        d - +0 ring mail
rPois   .            (helmet restricted)
rElec   .            (no cloak)
rCorr   .            (no gloves)
SInv    .            (no boots)
Will    .....        (no amulet)
Stlth   +            (no ring)
HPRegen 0.26/turn    (no ring)
MPRegen 0.10/turn

%: no passive effects
@: about to teleport, heavily drained
A: horns 2, retaliatory headbutt
a: no special abilities


You were on level 4 of the Dungeon.
You visited 1 branch of the dungeon, and saw 4 of its levels.

You collected 178 gold pieces.


Innate Abilities, Weirdness & Mutations

You have a pair of horns on your head.
You reflexively headbutt those who attack you in melee.


   Skills:
 + Level 3.3 Fighting
 - Level 6.2 Ranged Weapons
 - Level 1.6 Armour
 - Level 2.1 Dodging
 - Level 1.0 Spellcasting
 - Level 2.0 Hexes


You had 6 spell levels left.
You knew the following spells:

 Your Spells              Type           Power      Damage    Failure   Level
a - Slow                  Hex            16%        N/A       32%         1

Your spell library contained the following spells:

 Spells                   Type           Power      Damage    Failure   Level
 Inner Flame              Hex/Fire       2%         N/A       82%         3
 Portal Projectile        Hex/Tloc       4%         N/A       82%         3
 Cause Fear               Hex            2%         N/A       97%         4

Inventory:

Hand Weapons
 Y - a +1 sling (weapon)
Armour
 d - a +0 ring mail (worn)
Scrolls
 a - a scroll of identify
Potions
 c - a potion of might
 e - a potion of enlightenment
 g - a potion of invisibility {unknown}
 j - a potion of curing
 k - a potion of lignification {unknown}

Dungeon Overview and Level Annotations

Branches:
Dungeon (4/15)
 Temple: D:4-7

Altars:

Annotations:
D:4 Robin


Message History

The goblin hits you but does no damage. The goblin closely misses you.
You shoot a sling bullet.
The sling bullet closely misses the goblin.
The goblin no longer looks unusually strong. x2
The kobold hits you but does no damage. The endoplasm freezes you.
You are frozen.
The goblin hits you with a +0 dagger. The goblin barely misses you.
The goblin closely misses you. The kobold misses you. The goblin misses you. x2
The endoplasm freezes you.
You are frozen.
The goblin hits you with a +0 dagger.
You shoot a sling bullet. The sling bullet hits the goblin.
The goblin is severely wounded.
The goblin no longer looks unusually strong.
The endoplasm freezes you.
You are frozen.
The kobold barely misses you. The goblin hits you with a +0 dagger.
The goblin hits you but does no damage. x2
You feel drained.
You shoot a sling bullet.
The sling bullet barely misses the goblin.
The kobold closely misses you. The endoplasm closely misses you.
The goblin hits you with a +0 dagger. The goblin hits you but does no damage.
The goblin barely misses you.
You shoot a sling bullet.
The sling bullet closely misses the goblin.
The kobold closely misses you.
The endoplasm hits you but does no damage.
The goblin hits you with a +0 dagger. The goblin barely misses you.
You furiously retaliate!
You headbutt the goblin!
You kill the goblin!
The goblin hits you with a +1 dagger of draining.
You feel drained.
2896 ||| READING scroll of teleportation.
As you read the scroll of teleportation, it crumbles to dust.
You feel strangely unstable. The kobold hits you with a +0 club.
The goblin hits you with a +1 dagger of draining.
You feel drained. The endoplasm hits you. Robin throws the goblin at you!
The goblin hits you with a +0 dagger.
You die...

## .|....... ..
#.. ....... ...
...##.....#...g
....#.....#.)..
#.#...>......#
.#.....B.....
.....<.g).#
......JK##
......g@g#
......g.<#
.........#
...#....## ..
##...# # ##..#
...# ##.## ##


You could see Robin, an endoplasm, a giant cockroach, 3 goblins and a kobold.

Vanquished Creatures
  Sigmund (D:2)
  Terence (D:2)
  4 adders
  A worm (D:3)
  3 dart slugs
  8 endoplasms
  3 giant cockroaches
  9 goblins
  8 hobgoblins
  5 jackals
  3 kobolds
  2 quokkas
  2 ball pythons
  7 bats
  2 frilled lizards (D:3)
  5 rats
64 creatures vanquished.

Notes
Turn   | Place    | Note
-------+----------+-------------------------------------------
     0 | D:1      | qw the Minotaur Hexslinger began the quest for the Orb.
     0 | D:1      | Reached XP level 1. HP: 16/16 MP: 1/1
     0 | D:1      | 0 ||| qw: Version: 0.3-a-46-gb1f654a
     0 | D:1      | 0 ||| qw: Game counter: 3547
     0 | D:1      | 0 ||| qw: Melee chars always use a shield: true
     0 | D:1      | 0 ||| qw: God list: Okawaru
     0 | D:1      | 0 ||| qw: Allow faded altars: false
     0 | D:1      | 0 ||| qw: Do Orc after clearing Dungeon:15 true
     0 | D:1      | 0 ||| qw: Do second Lair branch before Depths: true
     0 | D:1      | 0 ||| qw: Lair rune preference: random
     0 | D:1      | 0 ||| qw: Goals: Normal
     0 | D:1      | 0 ||| PLANNING D:1-11
    59 | D:1      | 59 ||| FLEEEEING.
    60 | D:1      | 60 ||| FLEEEEING.
    61 | D:1      | 61 ||| FLEEEEING.
    62 | D:1      | 62 ||| FLEEEEING.
    81 | D:1      | Reached skill level 3 in Ranged Weapons
   179 | D:1      | Reached XP level 2. HP: 23/23 MP: 2/2
   767 | D:1      | 767 ||| UPGRADING to +0 ring mail.
   777 | D:1      | 777 ||| DROPPING +0 robe.
   778 | D:1      | 778 ||| READING scroll labelled XEWIYDDI OROKK.
   779 | D:1      | 779 ||| READING scroll labelled XYPRET TEYDD.
   784 | D:1      | 784 ||| READING scroll labelled LUEBIUF ONLOIZ.
   785 | D:1      | 785 ||| DROPPING scroll of poison.
   888 | D:2      | Reached XP level 3. HP: 29/29 MP: 3/3
  1049 | D:2      | Noticed Sigmund
  1075 | D:2      | HP: 5/29 [Sigmund/+0 scythe (6)]
  1076 | D:2      | 1076 ||| READING 2 scrolls of teleportation.
  1184 | D:2      | 1184 ||| FLEEEEING.
  1185 | D:2      | 1185 ||| FLEEEEING.
  1186 | D:2      | 1186 ||| FLEEEEING.
  1188 | D:2      | 1188 ||| STAIRDANCE
  1221 | D:2      | 1221 ||| STAIRDANCE
  1245 | D:2      | Killed Sigmund
  1246 | D:2      | Reached skill level 6 in Ranged Weapons
  1246 | D:2      | Reached XP level 4. HP: 22/36 MP: 4/4
  1246 | D:2      | Reached XP level 5. HP: 25/41 MP: 5/5
  1443 | D:2      | Noticed Terence
  1451 | D:2      | HP: 10/41 [Terence/+0 flail (8)]
  1452 | D:2      | 1452 ||| READING scroll of teleportation.
  1454 | D:2      | Killed Terence
  1455 | D:2      | Reached skill level 1 in Armour
  2377 | D:3      | Reached XP level 6. HP: 50/50 MP: 6/6
  2424 | D:3      | Reached skill level 3 in Fighting
  2816 | D:3      | 2816 ||| READING scroll labelled RINETO DYRIH.
  2817 | D:3      | 2817 ||| READING scroll labelled YNLIC FENUAG.
  2818 | D:3      | 2818 ||| READING scroll labelled MENEETR LANI.
  2819 | D:3      | 2819 ||| READING scroll labelled XEEHUXT KUYWOSCH.
  2820 | D:3      | 2820 ||| DRINKING 2 glowing blue potions.
  2821 | D:3      | 2821 ||| READING 2 scrolls of identify.
  2821 | D:3      | 2821 ||| IDENTIFYING red potion
  2877 | D:4      | Noticed Robin
  2886 | D:4      | 2886 ||| Stepping ~*~*~tactically~*~*~ (outnumbered).
  2893 | D:4      | HP: 11/44 [goblin/+0 dagger[Robin] (3)]
  2896 | D:4      | 2896 ||| READING scroll of teleportation.
  2896 | D:4      | HP: 5/42 [goblin/+1 dagger of draining[Robin] (1)]
  2896 | D:4      | Slain by a goblin

Levels and vault maps discovered:
D:1:      sevenhm_arrival_forest_fort_small_4, layout_basic,
          minmay_misc_feat_hallway
D:2:      layout_basic, reono_crystal_passage, uniq_terence, uniq_sigmund
D:3:      wander_river, layout_basic, nicolae_houndstooth_variations
D:4:      layout_cave_pools, uniq_robin

Skill      XL: |  1  2  3  4  5  6 |
---------------+-------------------+-----
Ranged Weapons | 3 6 |  6.2
Fighting       | 2 3 |  3.3
Armour         | 1 |  1.6
Dodging        | |  2.1
Spellcasting   | |  1.0
Hexes          | |  2.0

Action                     |  1- 3 |  4- 6 || total
---------------------------+-------+-------++-------
   Fire: Sling             |   122 |   101 ||   223
    Use: Scroll            |     4 |     7 ||    11
         Potion            |       |     1 ||     1
 Armour: Robe              |     8 |       ||     8
         Ring mail         |     6 |    41 ||    47
  Dodge: Dodged            |    46 |    53 ||    99

Table legend:
 A = Non-vault XP
 B = Vault XP
 C = Vault XP percentage of total XP
 D = Non-vault monster count
 E = Vault monster count
 F = Vault count percentage of total count
                 A         B        C        D         E       F
            +---------+---------+-------+---------+---------+-------
      Total |     142 |     292 |  67.3 |      53 |      11 |  17.2
            +---------+---------+-------+---------+---------+-------
        D:1 |      36 |       0 |   0.0 |      22 |       0 |   0.0
        D:2 |      37 |     275 |  88.1 |      14 |       2 |  12.5
        D:3 |      69 |       0 |   0.0 |      17 |       0 |   0.0
        D:4 |       0 |      17 | 100.0 |       0 |       9 | 100.0
            +---------+---------+-------+---------+---------+-------
